 Dungeon Crawl Stone Soup version 0.19.1 (webtiles) character file.

1498 Ladykiller69 the Cleaver (level 9, -5/65 HPs)
             Began as a Formicid Fighter on Dec 16, 2016.
             Splashed by a jelly's acid (8 damage)
             ... on level 9 of the Dungeon.
             The game lasted 00:12:11 (5161 turns).

Ladykiller69 the Cleaver (Formicid Fighter)         Turns: 5161, Time: 00:12:11

Health: -5/65      AC:  3    Str: 25    XL:     9   Next: 8%
Magic:  9/9        EV:  2    Int: 11    God:
Gold:   293        SH:  0    Dex: -2 (15) Spells: 0 memorised, 8 levels left

rFire  . . .     SeeInvis +     a - +0 war axe
rCold  . . .     Gourm    .     D - +0 chain mail
rNeg   . . .     Faith    .     c - +0 shield
rPois  .         Spirit   .     (helmet unavailable)
rElec  .         Reflect  .     y - +0 cloak
rCorr  .         Harm     .     (no gloves)
MR     .....                    s - +0 pair of boots
Stlth  ..........               (no amulet)
                                (no ring)
                                w - +4 ring of strength

@: agile, corroded, slowed, lost dexterity, heavily drained, very slow
A: permanent stasis, dig shafts and tunnels, four strong arms, antennae 3
a: Dig, Shaft Self


You were on level 9 of the Dungeon.
You were hungry.

You visited 2 branches of the dungeon, and saw 8 of its levels.

You collected 293 gold pieces.

Inventory:

Hand Weapons
 a - a +0 war axe (weapon)
 F - a +0 flail of protection
 O - a +0 shortbow
Missiles
 l - a throwing net
 p - 141 stones
 x - 8 javelins
 z - 8 tomahawks (quivered)
 P - 53 arrows
Armour
 b - a +0 scale mail
 c - a +0 shield (worn)
 s - a +0 pair of boots (worn)
 y - a +0 cloak (worn)
 D - a +0 chain mail (worn)
Jewellery
 n - a +2 ring of protection {unknown}
 w - a +4 ring of strength (left hand)
 H - a +3 ring of strength
 K - the amulet of Teth {Gourm +Inv rN+, unknown}
   (You found it on level 4 of the Dungeon)

   [amulet of the gourmand]

   It allows you to eat raw meat even when not hungry.
   It protects you from negative energy.
   It lets you turn invisible.
 L - an uncursed ring of protection from magic {unknown}
 M - an uncursed amulet of magic regeneration {unknown}
 R - an uncursed amulet of guardian spirit {unknown}
Wands
 q - a wand of slowing (32/48)
 v - a wand of heal wounds (2/9)
Scrolls
 e - 6 scrolls of identify {unknown}
 j - 2 scrolls of amnesia {unknown}
 m - a scroll of enchant armour {unknown}
 u - 3 scrolls of magic mapping {unknown}
 C - 4 scrolls of remove curse {unknown}
 E - a scroll of fog {unknown}
 I - a scroll of recharging {unknown}
 J - 2 scrolls of noise {unknown}
 N - a scroll of teleportation {unknown}
 Q - a scroll of immolation {unknown}
Potions
 d - a potion of might
 g - 3 potions of agility
 h - 2 potions of brilliance {unknown}
 i - 2 potions of heal wounds {unknown}
 k - 2 potions of berserk rage {unknown}
 o - a potion of degeneration {unknown}
 r - a potion of ambrosia {unknown}
 t - 3 potions of resistance {unknown}
 A - a potion of mutation {unknown}
Books
 G - a book of Conjurations

   Spells                             Type                      Level
   a - Magic Dart                     Conjuration                  1
   b - Searing Ray                    Conjuration                  2
   c - Dazzling Spray                 Conjuration/Hexes            3
   d - Fulminant Prism                Conjuration/Hexes            4
   e - Iskenderun's Mystic Blast      Conjuration                  4
   f - Iskenderun's Battlesphere      Conjuration/Charms           5
Comestibles
 f - 4 bread rations
 B - a meat ration


   Skills:
 - Level 4.0(2.4) Fighting
 * Level 8.6(6.8) Axes
 - Level 4.0(2.4) Armour
 + Level 7.9(6.2) Shields


You had 8 spell levels left.
You didn't know any spells.

Dungeon Overview and Level Annotations

Branches:
Dungeon (6/15)             Temple (1/1) D:6

Altars:
Ashenzari
Dithmenos
Elyvilon
Fedhas
Gozag
Hepliaklqana
Kikubaaqudgha
Makhleb
Okawaru
Qazlal
Ru
Sif Muna
Trog
Uskayaw
Vehumet
Xom
Yredelemnul
Zin
The Shining One


Innate Abilities, Weirdness & Mutations

You are under a permanent stasis effect.
You can dig through walls and to a lower floor.
Your four strong arms can wield two-handed weapons with a shield.
You have a pair of large antennae on your head. (SInv)


Message History

* * * LOW HITPOINT WARNING * * *
The jelly is lightly wounded.
The jelly hits you but does no damage.
You barely miss the jelly.
The jelly is lightly wounded.
The jelly hits you but does no damage. x2
You hit the jelly.
Your hands burn!
* * * LOW HITPOINT WARNING * * *
The jelly is moderately wounded.
The jelly hits you.
* * * LOW HITPOINT WARNING * * *
You are splashed with acid!
The acid burns!
* * * LOW HITPOINT WARNING * * *
The jelly hits you but does no damage.
It was a potion of agility.
You feel agile all of a sudden. The jelly hits you but does no damage.
The jelly hits you.
* * * LOW HITPOINT WARNING * * *
The acid corrodes you!
You are splashed with acid!
The acid burns!
You die...

.# .. ##.
{ ##..
####...
.......##
#J...### {
#...#J##
##..{#@#
#.Z...####
#.....#
#.?#.##
...##.
##.. .. ##
###


You could see a jelly.

Vanquished Creatures
  An ice beast (D:6)
  An ogre (D:6)
  3 centaurs
  2 bullfrogs
  A scorpion (D:6)
  4 wights
  A howler monkey (D:5)
  A crimson imp (D:5)
  4 quasits (D:6)
  A hound (D:4)
  2 orc priests
  Crazy Yiuf (D:2)
  3 orc wizards
  Ijyb (D:2)
  An iguana (D:4)
  2 worker ants (D:6)
  A hound skeleton (D:4)
  A worker ant zombie (D:5)
  Robin (D:2)
  11 adders
  A shadow imp (D:5)
  2 oozes
  3 worms
  A dart slug (D:2)
  18 orcs
  A ball python (D:3)
  2 giant cockroaches
  21 goblins
  7 hobgoblins
  6 jackals
  2 kobolds (D:2)
  9 bats
  6 frilled lizards
  A jackal skeleton (D:4)
  8 rats
131 creatures vanquished.

Notes
Turn   | Place    | Note
-------+----------+-------------------------------------------
     0 | D:1      | Ladykiller69 the Formicid Fighter began the quest for the Orb.
     0 | D:1      | Reached XP level 1. HP: 18/18 MP: 1/1
    92 | D:1      | Reached XP level 2. HP: 15/24 MP: 2/2
   540 | D:1      | Reached XP level 3. HP: 29/29 MP: 3/3
  1016 | D:2      | Reached skill level 3 in Axes
  1051 | D:2      | Found a stormy altar of Qazlal.
  1051 | D:2      | Noticed Ijyb
  1078 | D:2      | Killed Ijyb
  1078 | D:2      | Reached XP level 4. HP: 33/37 MP: 4/4
  1117 | D:2      | Noticed Robin
  1125 | D:2      | Killed Robin
  1151 | D:2      | Found a shadowy altar of Dithmenos.
  1255 | D:2      | Found a runed door.
  1601 | D:2      | Noticed Crazy Yiuf
  1603 | D:2      | Killed Crazy Yiuf
  1603 | D:2      | Reached XP level 5. HP: 42/42 MP: 5/5
  1794 | D:3      | Noticed a bullfrog
  1803 | D:3      | Killed a bullfrog
  1803 | D:3      | Reached skill level 4 in Axes
  1803 | D:3      | Reached XP level 6. HP: 33/48 MP: 6/6
  2127 | D:3      | Reached skill level 5 in Shields
  2283 | D:3      | Reached skill level 5 in Axes
  2598 | D:4      | Found a burning altar of Makhleb.
  2598 | D:4      | Noticed a blizzard demon
  2601 | D:4      | Noticed a neqoxec
  2601 | D:4      | Noticed an orange demon
  2689 | D:4      | Reached XP level 7. HP: 54/54 MP: 7/7
  3194 | D:4      | Got a coiled jade amulet
  3670 | D:5      | Entered Level 5 of the Dungeon
  3774 | D:5      | Found a basalt altar of Yredelemnul.
  3816 | D:5      | Reached skill level 6 in Axes
  4137 | D:6      | Reached XP level 8. HP: 49/60 MP: 8/8
  4160 | D:6      | Reached skill level 7 in Axes
  4455 | D:6      | Found a staircase to the Ecumenical Temple.
  4470 | Temple   | Entered the Ecumenical Temple
  4611 | D:6      | Lost dexterity.
  4754 | D:6      | Found a shattered altar of Ashenzari.
  4754 | D:6      | Found a glowing silver altar of Zin.
  4775 | D:6      | Found a deep blue altar of Sif Muna.
  4777 | D:6      | Found a faded altar of an unknown god.
  4778 | D:6      | Found a faded altar of an unknown god.
  4881 | D:6      | Reached skill level 8 in Axes
  5045 | D:5      | Found a white marble altar of Elyvilon.
  5127 | D:6      | Reached XP level 9. HP: 43/65 MP: 9/9
  5153 | D:6      | You fall through a shaft for 3 floors!
  5161 | D:9      | HP: 3/65 [jelly (1)]
  5161 | D:9      | Splashed by a jelly's acid

Skill      XL: |  1  2  3  4  5  6  7  8 |
---------------+-------------------------+-----
Axes           | 3 4 5 6 8 |  8.6
Shields        | 4 5 6 7 |  7.9
Fighting       | 4 |  4.0
Armour         | 4 |  4.0

Action                   |  1- 3 |  4- 6 |  7- 9 || total
-------------------------+-------+-------+-------++-------
Melee: War axe           |    99 |   208 |   267 ||   574
Throw: Tomahawk          |       |     1 |       ||     1
 Abil: Dig               |     1 |     5 |     5 ||    11
       Shaft Self        |       |       |     1 ||     1
  Use: Potion            |       |       |     2 ||     2
  Eat: Chunk             |     1 |     6 |     5 ||    12
       Bread ration      |       |       |     1 ||     1
Armor: Scale mail        |    57 |    52 |       ||   109
       Chain mail        |       |    19 |   355 ||   374
Dodge: Dodged            |    39 |    66 |   101 ||   206
Block: Shield            |    58 |    96 |   169 ||   323
